AoeStats
← Led

Glade

510612419Analyzed
1v1 RM · 1d ago on Oct 1, 2026· 51m 32s· 2 players
Game mode
Random Map
Map size
Tiny (2 player)
Population
200
Speed
Normal
Resources
Standard
Victory
Conquest
Starting age
Dark Age
Ending age
Imperial Age
RankedLock teamsTeams togetherTeam positionsShared explorationLock speedFull tech treeHidden civsTurbo modeCheats
Victory
Defeat
🇫🇷 Franks · France
1033
+17
🇧🇷 Franks · Brazil
1059
-17
Led
10:51 Feudal Age
15:52 Castle Age
14:41 Double-Bit Axe
17:41 Bow Saw
23:12 Gold Mining
24:50 Wheelbarrow
28:59 Imperial Age
26:31 Treadmill Crane
26:51 Town Watch
28:27 Hand Cart
29:06 Fortified Wall
30:43 Chemistry
29:29 Cavalier
30:09 Husbandry
30:38 Town Patrol
36:26 Capped Ram
41:38 Padded Archer Armor
42:31 Scale Barding Armor
44:31 Elite Skirmisher
45:04 Fletching
48:42 Coinage
49:47 Crossbowman
50:23 Bodkin Arrow
50:44 Leather Archer Armor
52:05 Scale Mail Armor
adrien.rose59
4:14 Loom
11:46 Feudal Age
13:25 Wheelbarrow
16:53 Castle Age
16:00 Double-Bit Axe
21:19 Bow Saw
25:28 Town Watch
25:31 Pikeman
26:42 Hand Cart
31:24 Imperial Age
29:20 Squires
29:17 Fletching
29:28 Padded Archer Armor
31:07 Town Patrol
32:43 Hoardings
33:42 Chemistry
34:48 Conscription
35:05 Hoardings
36:49 Halberdier
39:20 Masonry
40:53 Scale Mail Armor
44:17 Chain Mail Armor
44:13 Forging
43:59 Bodkin Arrow
48:06 Iron Casting
48:01 Plate Mail Armor
47:47 Leather Archer Armor
47:56 Ballistics
48:44 Architecture
Connection lost

Rejoining the realm…

Still unreachable

The connection could not be restored.

Session expired

The server has moved on; the page needs a fresh start.